 Dungeon Crawl Stone Soup version 0.29.0-4-gdea44cf6ec (webtiles) character file.

Game seed: 681769448975361167

5101 Zeldest the Carver (level 10, -4/118 HPs)
             Began as a Vine Stalker Fighter on Aug 27, 2022.
             Was a Believer of Wu Jian.
             Slain by a cyan ugly thing (9 damage)
             ... on level 7 of the Dungeon.
             The game lasted 00:12:28 (4811 turns).

Zeldest the Carver (Vine Stalker Fighter)           Turns: 4811, Time: 00:12:29

Health: -4/118     AC: 25    Str: 21    XL:     10   Next: 57%
Magic:  0/11       EV:  2    Int:  8    God:    Wu Jian [**....]
Gold:   353        SH:  6    Dex: 16    Spells: 9/9 levels left

rFire   + . .      SeeInvis +   y - +1 demon blade
rCold   + . .      Faith    .   c - +0 buckler
rNeg    . . .      Spirit   +   (body armour currently unavailable)
rPois   +          Reflect  .   (helmet currently unavailable)
rElec   .          Harm     .   (cloak currently unavailable)
rCorr   .          Rampage  .   (gloves currently unavailable)
Will    +....      NoTele   +   (boots currently unavailable)
Stlth   ..........              o - amulet of magic regeneration
HPRegen 1.09/turn               w - ring of protection from fire
MPRegen 0.52/turn               b - ring "Laygh" {rC+ Slay+3 SInv}

@: berserking, tree-form (expiring), invisible, very quick
A: stationary, stasis, torment immunity, boosted hp, (fangs 3), regeneration 1,
magic shield, (antimagic bite), no potion heal 2
a: Renounce Religion, Wall Jump


You were on level 7 of the Dungeon.
You worshipped Wu Jian.
Wu Jian was pleased with you.
You were a tree.
You visited 2 branches of the dungeon, and saw 9 of its levels.

You collected 479 gold pieces.
You spent 126 gold pieces at shops.

Inventory:

Hand Weapons
 x - a -1 quick blade
 y - a +1 demon blade (weapon)
Missiles
 a - a throwing net (quivered)
 g - 6 curare-tipped darts
Armour
 c - a +0 buckler (worn)
 j - a scarf of invisibility (melded)
 s - a +0 pair of gloves (melded)
 A - a +0 plate armour (melded)
Jewellery
 b - the ring "Laygh" (right branch) {rC+ Slay+3 SInv}
   (You found it on level 6 of the Dungeon)

   [ring of see invisible]

   Slay:      It affects your accuracy & damage with ranged weapons and melee
   (+3).
   rC:        It protects you from cold.
   SInv:      It lets you see invisible.
 o - an amulet of magic regeneration (around neck)
 w - a ring of protection from fire (left branch)
Wands
 d - a wand of paralysis (2)
 e - a wand of flame (20)
 E - a wand of polymorph (8)
Scrolls
 f - 3 scrolls of immolation
 l - 2 scrolls of amnesia {unknown}
 m - 3 scrolls of fear {unknown}
 q - 2 scrolls of blinking {unknown}
 u - 3 scrolls of noise {unknown}
 z - a scroll of poison {unknown}
 C - 2 scrolls of fog {unknown}
 F - a scroll of enchant armour {unknown}
Potions
 h - a potion of attraction
 i - a potion of mutation {unknown}
 k - 3 potions of flight
 p - a potion of curing
 r - a potion of brilliance
 t - a potion of invisibility
 v - a potion of berserk rage
 G - a potion of ambrosia {unknown}
 H - a potion of magic


   Skills:
 + Level 6.8 Fighting
 * Level 8.3 Long Blades
 - Level 3.4 Axes
 + Level 6.2 Armour
 + Level 6.8 Shields


You had 9 spell levels left.
You didn't know any spells.
Your spell library contained the following spells:

 Spells                   Type           Power      Damage    Failure   Level
 Apportation              Tloc           0%         N/A       50%         1
 Blink                    Tloc           0%         N/A       63%         2
 Poisonous Vapours        Pois/Air       0%         N/A       63%         2
 Sublimation of Blood     Necr           0%         N/A       63%         2
 Wereblood                Tmut           0%         N/A       63%         2
 Lesser Beckoning         Tloc           0%         N/A       86%         3
 Ozocubu's Armour         Ice            0%         N/A       86%         3
 Corpse Rot               Necr/Pois/Air  0%         N/A       99%         4
 Alistair's Intoxication  Tmut/Pois      0%         N/A       100%        5
 Manifold Assault         Tloc           0%         N/A       100%        5
 Ozocubu's Refrigeration  Ice            0%         4d7       100%        7
 Summon Hydra             Summ           0%         N/A       100%        7


Dungeon Overview and Level Annotations

Branches:
Dungeon (8/15)             Temple (1/1) D:5
   Lair: D:8-11

Altars:
Ashenzari
Cheibriados
Dithmenos
Elyvilon
Fedhas
Gozag
Hepliaklqana
Kikubaaqudgha
Makhleb
Okawaru
Qazlal
Ru
Sif Muna
Trog
Uskayaw
Vehumet
Wu Jian
Xom
Yredelemnul
Zin
The Shining One

Shops:
D:1 (   D:4 *?


Innate Abilities, Weirdness & Mutations

You are a tree.
Your roots penetrate the ground, keeping you stationary.
You cannot be teleported.
You are immune to unholy pain and torment.
Your maximum health is greatly increased.
Your equipment is partially melded.
((You have razor-sharp teeth.))
Your natural rate of healing is unusually fast.
When hurt, damage is shared between your health and your magic reserves.
((Your bite disrupts and absorbs the magic of your enemies.))
Potions cannot restore your health.


Message History

The orc wizard hits you but does no damage.
The gnoll sergeant hits you with a +6 vampiric trident!
* * * LOW HITPOINT WARNING * * *
The helpless boulder beetle fails to defend itself.
You slice the boulder beetle!!
The boulder beetle is almost dead.
The cyan ugly thing gurgles horribly!
The boulder beetle is no longer paralysed.
You catch the helpless boulder beetle completely off-guard!
You slash the boulder beetle!
The boulder beetle is almost dead.
The cyan ugly thing gurgles horribly!
A yak comes into view.
The orc wizard hits you but does no damage.
The cyclops hits you but does no damage.
You catch the helpless boulder beetle completely off-guard!
You slash the boulder beetle!
You kill the boulder beetle!
The Council accepts your kill.
The cyan ugly thing gurgles horribly!
You slice the cyclops!!
The cyclops is moderately wounded.
The cyan ugly thing gurgles horribly!
The yak bellows!
The gnoll sergeant completely misses you.
You strike the helpless cyclops from behind!
You slice the cyclops!!
The cyclops is severely wounded.
The cyan ugly thing gurgles horribly!
The cyclops throws a large rock.
The large rock barely misses you.
The large rock hits the orc wizard!!
The orc wizard dies!
You block the gnoll sergeant's attack.
You completely miss the cyclops.
The cyclops is severely wounded.
Your transformation is almost over.
The yak bellows!
The cyan ugly thing bites you.
* * * LOW HITPOINT WARNING * * *
The cyan ugly thing shocks you!
You die...

##.÷#####.#.##..#####......#.#..
#.........#..##........####...###
.#..#####.##..##.....#......⌠.)†)
....# #..##..##...##.####...###
#.#.# ##..##..##.####....#.#...
#.#.# #....###.....###...#.#...
#<#.# #.##...##TY#..###..#.#..#
#.#.# #.##..##gC#.#.. ##.#.#.##
....# #.##.##.♣##.##. #######.
..### #.##.#.u## #.# #.#
..#######.##.#T## #.# #.#
.......##.##.## #.# #.#
######.##.##.# #.# #.. #.##..#.#
#.# #.. #.##....## ##.####..
#.##.##..## ##..#..... #.##
##..## ##.........


You could see a cyan ugly thing (wandering, unable to see you), a cyclops
(unable to see you), a yak (wandering, unable to see you), 2 trolls and a gnoll
sergeant (unable to see you).

Vanquished Creatures
  A boulder beetle (D:7)
  An ugly thing (D:6)
  A troll (D:7)
  A vampire mosquito (D:7)
  Menkaure (D:7)
  Edmund (D:6)
  Duvessa (D:6)
  6 water moccasins
  An ice beast (D:6)
  2 sky beasts
  An ogre (D:7)
  4 centaurs
  3 phantoms (D:6)
  A kobold brigand (D:7)
  3 bullfrogs
  4 necrophages
  6 scorpions
  Dowan (D:6)
  6 wights (D:7)
  2 killer bees
  A howler monkey (D:7)
  A hound (D:5)
  3 orc priests
  3 jellies
  4 iguanas
  5 orc wizards
  9 adders
  5 shadow imps
  2 ufetubi
  2 dart slugs
  18 orcs
  7 ball pythons
  11 endoplasms
  2 giant cockroaches
  12 goblins
  5 hobgoblins
  3 jackals
  11 kobolds
  A quokka (D:2)
  6 bats
  4 frilled lizards
  3 rats
165 creatures vanquished.

Vanquished Creatures (others)
  An orc wizard (D:7)
1 creature vanquished.

Grand Total: 166 creatures vanquished

Notes
Turn   | Place    | Note
-------+----------+-------------------------------------------
     0 | D:1      | Zeldest the Vine Stalker Fighter began the quest for the
                  | Orb.
     0 | D:1      | Reached XP level 1. HP: 11/11 MP: 2/2
    47 | D:1      | Reached XP level 2. HP: 5/16 MP: 1/3
   331 | D:1      | Found Buququt's Weapon Boutique.
   438 | D:1      | Found a faded altar of an unknown god.
   681 | D:2      | Reached XP level 3. HP: 19/19 MP: 4/4
   955 | D:2      | Gained mutation: Your natural rate of healing is unusually
                  | fast. [Vine Stalker growth]
   955 | D:2      | Reached XP level 4. HP: 21/24 MP: 5/5
  1295 | D:3      | Found a bloodstained altar of Trog.
  1801 | D:4      | Noticed a necrophage
  1812 | D:4      | Killed a necrophage
  1813 | D:4      | Reached XP level 5. HP: 18/28 MP: 6/6
  1824 | D:4      | Found Sewkuhi's Lightly-Used Armoury.
  1841 | D:4      | Bought a -3 quick blade for 1 gold piece
  1841 | D:4      | Bought a -2 demon blade for 50 gold pieces
  1851 | D:4      | HP: 1/28 [orc/+3 whip (2)]
  2089 | D:4      | Found Qedenoj's Magic Scroll Shoppe.
  2101 | D:4      | Reached skill level 1 in Long Blades
  2101 | D:4      | Reached XP level 6. HP: 33/33 MP: 7/7
  2102 | D:4      | Bought a scroll of enchant weapon for 75 gold pieces
  2533 | D:5      | Entered Level 5 of the Dungeon
  2577 | D:5      | Reached skill level 2 in Long Blades
  2612 | D:5      | Reached XP level 7. HP: 22/35 MP: 5/8
  2718 | D:5      | You fall into a shaft and drop 3 floors!
  2808 | D:7      | Reached skill level 3 in Long Blades
  3064 | D:5      | Found a staircase to the Ecumenical Temple.
  3070 | Temple   | Entered the Ecumenical Temple
  3296 | Temple   | Became a worshipper of the Wu Jian Council
  3340 | D:5      | Gained mutation: You have razor-sharp teeth. [Vine Stalker
                  | growth]
  3340 | D:5      | Reached XP level 8. HP: 42/42 MP: 9/9
  3474 | D:6      | Reached skill level 4 in Long Blades
  3548 | D:6      | Noticed Dowan
  3568 | D:6      | Noticed Duvessa
  3589 | D:6      | Killed Duvessa
  3593 | D:6      | Killed Dowan
  3666 | D:6      | Reached skill level 5 in Fighting
  3666 | D:6      | Reached skill level 5 in Long Blades
  3666 | D:6      | Reached skill level 5 in Shields
  3754 | D:6      | Noticed a cyan ugly thing
  3784 | D:6      | Killed a cyan ugly thing
  3785 | D:6      | Reached XP level 9. HP: 13/47 MP: 5/10
  3799 | D:6      | Reached skill level 6 in Long Blades
  3799 | D:6      | Reached skill level 5 in Armour
  4051 | D:6      | Identified the ring "Laygh" {rC+ Slay+3 SInv}
  4086 | D:6      | Found a broken altar of Ashenzari.
  4087 | D:6      | Found a hazy altar of Hepliaklqana.
  4105 | D:6      | Noticed Edmund
  4108 | D:6      | Reached * piety under Wu Jian
  4123 | D:6      | Killed Edmund
  4322 | D:7      | Reached skill level 7 in Long Blades
  4545 | D:7      | Noticed Menkaure
  4548 | D:7      | Killed Menkaure
  4549 | D:7      | Reached XP level 10. HP: 53/53 MP: 11/11
  4766 | D:7      | Reached ** piety under Wu Jian
  4783 | D:7      | Reached skill level 8 in Long Blades
  4784 | D:7      | Noticed a boulder beetle
  4793 | D:7      | HP: 3/79 [boulder beetle (5)]
  4800 | D:7      | Noticed a cyan ugly thing
  4801 | D:7      | Noticed a cyclops
  4805 | D:7      | HP: 2/118 [gnoll sergeant/+6 vampiric trident (8)]
  4808 | D:7      | Killed a boulder beetle
  4811 | D:7      | HP: 5/118 [cyan ugly thing (1)]
  4811 | D:7      | Slain by a cyan ugly thing

Illustrated notes

Levels and vault maps discovered:
D:1:      minmay_arrival_loop, layout_rooms, basic_ecumenical_altar,
          serial_shops, nicolae_shop_bloodbath_and_beyond, moated_statue
D:2:      layout_rooms
D:3:      layout_basic, mainiacjoe_overflow_24_doors
D:4:      layout_cave_pools, dreamdust_princess_bridge, minmay_shop_grid_forest,
          chequers_serial_rivers_small_b, chequers_serial_rivers_room_b,
          minmay_shop_damaged, minmay_circle_x
D:5:      layout_cave_pools, minmay_temple_entry_wispy
D:6:      layout_rooms, mainiacjoe_overflow_divided_tiny, chequers_garden,
          minmay_divided_ellipse, uniq_edmund, uniq_duvessa
D:7:      minmay_the_grid_octo_triangle [minmay_the_grid_octo_77,
          minmay_the_grid_octo_prize_star, minmay_the_grid_octo_clover],
          layout_loops_ring, uniq_menkaure
D:8:      gammafunk_cloud_chamber, layout_gridville, serial_rivers,
          chequers_serial_rivers_small_b, chequers_serial_rivers_small_a,
          chequers_serial_rivers_micro_c, chequers_serial_rivers_micro_c
Temple:   mainiacjoe_temple_bowtie_tessellation

Skill      XL: |  1  2  3  4  5  6  7  8  9 10 |
---------------+-------------------------------+-----
Axes           | 2 3 |  3.4
Fighting       | 3 4 5 6 |  6.8
Shields        | 3 4 5 6 |  6.8
Armour         | 3 4 5 6 |  6.2
Long Blades    | 1 2 3 5 7 8 |  8.3

Action                   |  1- 3 |  4- 6 |  7- 9 | 10-12 || total
-------------------------+-------+-------+-------+-------++-------
Melee: War axe           |     4 |       |       |       ||     4
       Hand axe          |    48 |    98 |    51 |       ||   197
       Bite              |    11 |    43 |    78 |    20 ||   152
       Quick blade       |       |    59 |       |       ||    59
       Demon blade       |       |    20 |   245 |    93 ||   358
Invok: Lunge             |       |       |     9 |     4 ||    13
       Whirlwind         |       |       |     6 |     7 ||    13
Evoke: Wand              |       |       |     6 |     3 ||     9
  Use: Scroll            |       |     9 |     5 |     2 ||    16
       Potion            |       |     1 |     2 |     4 ||     7
 Stab: Paralysed         |       |       |     9 |     9 ||    18
       Invisible         |       |       |       |     4 ||     4
Armor: Scale mail        |    19 |    74 |    28 |       ||   121
       Plate armour      |       |       |   118 |    38 ||   156
       Skin              |       |       |    20 |     9 ||    29
Dodge: Dodged            |    27 |   111 |    61 |    16 ||   215
Block: Buckler           |    11 |    49 |    73 |    27 ||   160
